 Dungeon Crawl Stone Soup version 0.31-a0-263-ge8cad7f256 (webtiles) character file.

Game seed: 12445114726633426562

199686 Mahakala the Unseen (level 17, 0/97 HPs)
             Began as a Spriggan Enchanter on July 13, 2023.
             Was a High Priest of Ashenzari.
             Slain by a spriggan rider
             ... wielding a +2 spear of flaming
              (25 damage)
             ... on level 3 of the Swamp.
             The game lasted 03:44:35 (43711 turns).

Mahakala the Unseen (Spriggan Enchanter)           Turns: 43711, Time: 03:44:36

Health: 0/97       AC:  6    Str:  4    XL:     17   Next: 85%
Magic:  31/31      EV: 32    Int: 22    God:    Ashenzari [*****.]
Gold:   3061       SH:  7    Dex: 21    Spells: 12/34 levels left

rFire   + . .        b - +1 dagger "Loss of Ashenzari" {venom, Melee, Alch} (curse)
rCold   + + .        A - +0 buckler of the Profound Oracle {Fort, Dev} (curse)
rNeg    . . .        y - +2 troll leather armour of Star-Bound Wisdom {Regen+, Elem, Cun} (curse)
rPois   +            (helmet restricted)
rElec   .            O - scarf "Overhang to Understand" {repulsion, Bglg, Self} (curse)
rCorr   .            (gloves unavailable)
SInv    +            (boots unavailable)
Will    ++...        J - amulet of Panopticon {Regen+, Elem, Bglg} (curse)
Stlth   ++++++++     W - ring "Circumscribed Together" {rPois rF+ rC+ Dex+3 SInv, Range, Bglg} (curse)
HPRegen 1.96/turn    o - ring of Star-Bound Wisdom {rC+, Comp, Bglg} (curse)
MPRegen 0.22/turn

%: repel missiles, clarity
@: about to teleport, studying Polearms, very quick
A: very small, no large weapons, unfitting armour, see invisible, speed 3
}: 1/15 runes: gossamer
a: Renounce Religion, Curse Item, Shatter the Chains


You were on level 3 of the Swamp.
You worshipped Ashenzari.
Ashenzari was extremely pleased with you.
You visited 6 branches of the dungeon, and saw 30 of its levels.
You also visited: Bailey.

You collected 3325 gold pieces.
You spent 264 gold pieces at shops.

Inventory:

Hand Weapons
 a - a +5 dagger of freezing
 b - the cursed +1 dagger "Loss of Ashenzari" (weapon) {venom, Melee, Alch}
   (You found it on level 2 of the Lair of Beasts)

   It has a curse which improves the following skills: Melee Combat: Short
   Blades, Long Blades, Axes, Maces & Flails, Polearms, Staves and Unarmed
   Combat.
   Alchemy:   Poison Magic and Transmutations.
Missiles
 e - 6 boomerangs of dispersal
 k - 38 boomerangs
 H - 38 poisoned darts
 R - 2 throwing nets {!f}
 S - 4 silver boomerangs
 V - 6 curare-tipped darts {!f}
Armour
 y - the cursed +2 troll leather armour of Star-Bound Wisdom (worn) {Regen+, Elem, Cun}
   (You found it on level 8 of the Dungeon)

   Regen:     It increases your rate of health regeneration.
   It has a curse which improves the following skills: Elements: Fire Magic, Ice
   Magic, Air Magic and Earth Magic.
   Cunning:   Dodging and Stealth.
 A - the cursed +0 buckler of the Profound Oracle (worn) {Fort, Dev}
   (You found it on level 3 of the Spider Nest)

   It has a curse which improves the following skills: Fortitude: Armour and
   Shields.
   Devices:   Evocations and Shapeshifting.
 O - the cursed scarf "Overhang to Understand" (worn) {repulsion, Bglg, Self}
   (You bought it in a shop on level 9 of the Dungeon)

   It has a curse which improves the following skills: Beguiling: Conjurations,
   Hexes and Translocations.
   Introspection: Fighting and Spellcasting.
Jewellery
 l - a ring of willpower
 o - the cursed ring of Star-Bound Wisdom (right hand) {rC+, Comp, Bglg}
   (You found it on level 3 of the Dungeon)

   [ring of protection from cold]

   rC:        It protects you from cold.
   It has a curse which improves the following skills: Companions: Summonings
   and Necromancy.
   Beguiling: Conjurations, Hexes and Translocations.
 p - a +5 ring of evasion
 D - a ring of protection from fire
 J - the cursed amulet of Panopticon (around neck) {Regen+, Elem, Bglg}
   (You found it on level 1 of the Dungeon)

   [amulet of regeneration]

   Regen:     It increases your rate of health regeneration.
   It has a curse which improves the following skills: Elements: Fire Magic, Ice
   Magic, Air Magic and Earth Magic.
   Beguiling: Conjurations, Hexes and Translocations.
 U - a ring of wizardry
 W - the cursed ring "Circumscribed Together" (left hand) {rPois rF+ rC+ Dex+3 SInv, Range, Bglg}
   (You found it on level 15 of the Dungeon)

   [ring of see invisible]

   Dex:       It affects your dexterity (+3).
   rF:        It protects you from fire.
   rC:        It protects you from cold.
   rPois:     It protects you from poison.
   SInv:      It lets you see invisible.
   It has a curse which improves the following skills: Ranged Combat: Ranged
   Weapons and Throwing.
   Beguiling: Conjurations, Hexes and Translocations.
Wands
 c - a wand of mindburst (21)
 d - a wand of iceblast (13)
 t - a wand of flame (46)
 u - a wand of paralysis (14)
 v - a wand of digging (9)
 x - a wand of quicksilver (23)
 Z - a wand of polymorph (4)
Scrolls
 f - 9 scrolls of fog
 g - 7 scrolls of enchant weapon
 h - 6 scrolls of fear
 r - 2 scrolls of revelation
 w - 3 scrolls of amnesia
 B - a scroll of summoning
 C - 3 scrolls of poison
 E - 9 scrolls of teleportation {@r4}
 G - 4 scrolls of blinking {@r3}
 L - 3 scrolls of enchant armour
 N - a scroll of silence
Potions
 j - 4 potions of haste {@q3}
 m - 8 potions of curing {@q1}
 n - 3 potions of lignification
 q - 8 potions of brilliance
 s - 4 potions of resistance
 z - a potion of cancellation
 F - a potion of enlightenment
 I - a potion of magic
 K - a potion of berserk rage
 M - 7 potions of mutation
 P - 5 potions of ambrosia
 Q - 4 potions of heal wounds {@q2}
 T - 2 potions of might
 Y - 4 potions of invisibility
Miscellaneous
 i - a phial of floods
 X - a lightning rod (4/4)


   Skills:
 - Level 11.9(14.0) Fighting
 - Level 8.1(10.3) Short Blades
 - Level 3.0(4.8) Armour
 - Level 18.0(20.0) Dodging
 - Level 18.3(20.2) Stealth
 - Level 4.9(7.0) Shields
 - Level 7.1(9.3) Spellcasting
 - Level 3.1(7.2) Conjurations
 - Level 13.2(18.2) Hexes
 + Level 9.8(12.0) Summonings
 - Level 4.6(9.2) Translocations
 - Level 4.0(6.0) Transmutations
 - Level 1.8(4.0) Ice Magic
 - Level 2.8(5.4) Earth Magic
 - Level 16.6(18.6) Evocations


You had 12 spell levels left.
You knew the following spells:

 Your Spells              Type           Power      Damage    Failure   Level
a - Ensorcelled Hibernat  Hex/Ice        100%       N/A       1%          2
b - Confusing Touch       Hex            74%        N/A       1%          3
c - Tukima's Dance        Hex            74%        N/A       1%          3
d - Dazzling Flash        Conj/Hex       100%       N/A       1%          3
e - Passwall              Tmut/Erth      29%        N/A       2%          2
f - Call Canine Familiar  Summ           58%        N/A       1%          3
g - Summon Guardian Gole  Hex/Summ       67%        N/A       1%          3
q - Stone Arrow           Conj/Erth      76%        3d11      4%          3

Your spell library contained the following spells:

 Spells                   Type           Power      Damage    Failure   Level
 Sandblast                Erth           68%        2d15      1%          1
 Summon Small Mammal      Summ           100%       N/A       1%          1
 Sting                    Tmut/Pois      96%        1d7       4%          1
 Vhi's Electric Charge    Tloc/Air       62%        N/A       8%          3
 Poisonous Vapours        Pois/Air       22%        N/A       24%         2
 Swiftness                Air            12%        N/A       41%         3
 Arcjolt                  Conj/Air       13%        1d23      71%         5
 Olgreb's Toxic Radiance  Pois           11%        N/A       85%         4
 Malign Gateway           Summ/Tloc      27%        N/A       89%         7
 Simulacrum               Ice/Necr       9%         N/A       100%        6
 Ozocubu's Refrigeration  Ice            14%        4d10      100%        7
 Maxwell's Capacitive Co  Air            6%         ∞         100%        8
 Summon Horrible Things   Summ           29%        N/A       100%        8
 Polar Vortex             Ice            14%        12d1*     100%        9


Dungeon Overview and Level Annotations

Branches:
Dungeon (15/15)            Temple (1/1) D:4            Lair (5/5) D:9
  Swamp (3/4) Lair:2       Spider (4/4) Lair:2        Slime (0/5) Lair:4
    Orc (2/2) D:10            Elf (0/3) Orc:2        Vaults (0/5) D:13
 Bailey (visited)
 Depths: D:15

Altars:
Ashenzari
Cheibriados
Dithmenos
Elyvilon
Fedhas
Gozag
Hepliaklqana
Kikubaaqudgha
Makhleb
Nemelex Xobeh
Okawaru
Qazlal
Ru
Sif Muna
Trog
Uskayaw
Vehumet
Wu Jian
Xom
Yredelemnul
Zin
The Shining One

Shops:
D:2 [   D:3 !   D:7 =   D:8 (   D:9 [   Orc:1 !   Orc:2 :*[=

Portals:
Trove: D:12 (give +6 demon trident)

Annotations:
D:2 exclusion: door
D:3 Sigmund
D:12 1 runed translucent door, innerfire43's ghost, journeyman DsMo
D:15 1 exclusion
Lair:3 3 runed translucent doors, 2 transporters, superbruh's ghost, journeyman TrSh
Lair:5 exclusions: 3 doors and obsidian statue
Swamp:3 1 runed translucent door, MrSquiggles's ghost, adept MiFi
Spider:1 1 exclusion
Orc:1 2 transporters


Innate Abilities, Weirdness & Mutations

You are very small and have problems with some larger weapons.
You are too small for most types of armour.
You have supernaturally acute eyesight. (SInv)
You cover ground extremely quickly. (Speed+++)


Message History

A bunyip, a goliath frog, 2 eleionomae and 2 swamp worms come into view.
Found a potion of resistance.
The spriggan rider shouts!
The spriggan druid shouts!
The spriggan rider shouts!
The eleionoma shouts!
The alligator puts on a burst of speed!
The spriggan rider hits you with a +2 spear of flaming.
The spriggan rider burns you.
The eleionoma flows through the trees.
The spriggan rider hits you from afar with a +0 spear!
The bunyip gives a hideous shriek!
Your unstable footing causes you to fumble your attack.
The eleionoma shouts!
The alligator puts on a burst of speed!
Your unstable footing causes you to fumble your attack.
The swamp worm completely misses you. The alligator misses you.
The alligator completely misses you. You block the eleionoma's attack.
The spriggan rider completely misses you. x2
As you read the scroll of teleportation {@r4}, it crumbles to dust.
You feel strangely unstable. The swamp worm barely misses you.
The alligator completely misses you. x2
The spriggan rider hits you with a +2 spear of flaming!
The spriggan rider hits you from afar with a +0 spear!
The eleionoma misses you.
The swamp worm attacks as you move away!
The swamp worm completely misses you. The alligator attacks as you move away!
The alligator bites you. The alligator tail-slaps you!
The spriggan rider hits you from afar with a +2 spear of flaming!!
* * * LOW HITPOINT WARNING * * *
The spriggan rider burns you.
* * * LOW HITPOINT WARNING * * *
The eleionoma hurls a spray of splinters at you.
The spray of wooden splinters misses you.
The swamp worm fires a harpoon shot at you.
The harpoon shot hits you.
* * * LOW HITPOINT WARNING * * *
You are yanked forward by the harpoon shot.
The eleionoma hurls a spray of splinters at you.
The spray of wooden splinters hits you.
* * * LOW HITPOINT WARNING * * *
The spriggan rider hits you from afar with a +2 spear of flaming!!
You die...

* ~ ♣♣♣~.~..♣♣ ♣♣.~~§~.~~~.
*~ * ♣..§~~~♣♣ ♣.§~~~~.§~~~
*,~~{♣♣~.~~~.~♣♣♣♣~~~~>..>~~
~ ♣♣♣...~~~...♣♣♣~.....♣♣..
~~.~~~.~§~...♣~♣♣♣.~~~~♣♣♣♣
~.~~~.~~~.~~~♣♣ ♣.~§~♣♣ ♣ *,
~...~.~~~~~~♣♣♣~~~..♣ ♣
,*♣♣♣§...~~..~♣♣~~~.♣♣ ♣
♣♣.♣.@R~.~♣♣.~.♣♣ ♣ *
♣♣♣♣♣w♣♣♣♣♣♣♣♣♣ ♣
*~.~.F{{ti.§.♣ ♣
*,§~...{{ti.~~♣ ♣ **
~!R{?t.w♣~..♣
*,,..~~f~.~~♣~♣♣ .~..~~~..
♣♣ .~~....~. * ♣.♣~~~~~~♣**


You could see an eleionoma, 2 alligators, a spriggan rider, a spriggan druid and
2 swamp worms.

Vanquished Creatures
  Agnes (Spider:1)
  4 emperor scorpions
  Louise (Swamp:2)
  A ghost moth (Spider:4)
  5 broodmothers
  An ironbound preserver (D:13)
  A bunyip (Swamp:1)
  3 eleionomae
  Azrael (Spider:2)
  3 spark wasps
  A dire elephant (Lair:5)
  Josephine (D:11)
  3 entropy weavers
  An entropy weaver (shapeshifter) (D:15)
  Fannar (Lair:1)
  A ghost crab (Swamp:3)
  Erica (D:9)
  2 death knights
  6 radroaches
  9 hydras
  3 jorogumos (Spider:4)
  8 two-headed ogres
  6 boulder beetles
  A catoblepas (Lair:4)
  4 centaur warriors
  7 death yaks (Lair:5)
  4 alligators
  2 tengu warriors
  11 demonic crawlers
  5 orc high priests
  10 skeletal warriors
  2 skysharks
  6 pharaoh ants
  A sun moth (Spider:2)
  4 spriggan druids
  2 goliath frogs
  A bog body (Swamp:1)
  A swamp dragon (Swamp:1)
  10 orb spiders
  7 orc knights
  8 steelbarb worms
  4 deep elf pyromancers
  20 wolf spiders
  6 cyclopes
  6 ugly things
  3 manticores
  4 orc sorcerers
  6 moths of wrath
  A will-o-the-wisp (Swamp:1)
  Maurice (D:12)
  5 black mambas
  15 elephants
  6 torpor snails
  A black mamba (shapeshifter) (D:14)
  Maggie (D:6)
  9 cane toads
  3 gargoyles
  12 komodo dragons
  3 yaktaurs (D:15)
  A kobold demonologist (D:13)
  3 rime drakes
  A tengu conjurer (D:14)
  8 trolls
  A bloated husk (Swamp:1)
  A burning bush (Lair:5)
  4 meliai
  6 tyrant leeches
  35 tarantellas
  A polar bear (Lair:5)
  4 hornets
  14 blink frogs
  4 slime creatures
  2 water elementals (D:15)
  18 culicivoras
  25 jumping spiders
  A dire elephant simulacrum (Lair:5)
  2 vampires
  4 spriggans
  3 fire elementals
  5 wyverns
  6 wraiths
  5 basilisks
  35 yaks
  2 steam dragons
  A golden eye (shapeshifter) (D:14)
  A dancing weapon (Bailey)
  29 redbacks
  19 vampire mosquitoes
  3 wargs
  A warg (shapeshifter) (D:14)
  3 acid dragons
  12 swamp worms
  17 water moccasins
  3 hell hounds
  2 ice beasts
  62 orc warriors
  A swamp drake (D:9)
  A black bear (D:6)
  26 wolves
  9 centaurs
  An elephant skeleton (Lair:5)
  10 ogres
  4 boggarts (D:14)
  2 kobold brigands (D:9)
  A phantom (D:5)
  7 bullfrogs
  2 cane toad simulacra (Lair:5)
  A gnoll sergeant (D:8)
  5 scorpions
  7 wights
  5 killer bees (D:9)
  2 elephant simulacra (Lair:5)
  3 electric eels (D:15)
  5 howler monkeys
  4 hounds
  A gnoll bouda (D:6)
  34 orc priests
  2 jellies (D:5)
  Ijyb (D:3)
  2 sleepcaps
  17 orc wizards
  8 iguanas
  8 gnolls
  9 adders
  A white imp (D:5)
  5 ufetubi
  4 worms
  2 dart slugs
  125 orcs
  7 ball pythons
  5 endoplasms
  9 goblins
  10 hobgoblins
  5 quokkas
  2 bats (D:1)
  7 frilled lizards
  22 kobolds
  5 rats
987 creatures vanquished.

Vanquished Creatures (collateral kills)
  An orc warlord (Orc:2)
  2 eleionomae (Swamp:1)
  An alligator (Swamp:2)
  A goliath frog (Swamp:1)
  A bog body (Swamp:1)
  A will-o-the-wisp (Swamp:1)
  A yaktaur (D:15)
  4 burning bushes (Lair:5)
  2 slime creatures (D:14)
  A wraith (D:11)
  A water elemental (D:15)
  A fire elemental (Spider:2)
  3 vampire mosquitoes
  A wolf (Lair:5)
  2 ogres (Orc:2)
  An elephant skeleton (Lair:5)
  2 cane toad simulacra (Lair:5)
  5 wights
  4 orc priests (Orc:2)
  An orc wizard (Orc:2)
  A gnoll (D:8)
  7 orcs
  A goblin (D:8)
45 creatures vanquished.

Vanquished Creatures (others)
  2 death yaks (Lair:5)
  A spectral death yak (Lair:5)
  A freezing wraith (D:13)
  A burning bush (Lair:5)
  A bloated husk (Swamp:2)
  A jumping spider (Spider:2)
  2 wraiths (D:11)
  6 dancing weapons
  A death yak simulacrum (Lair:5)
  A water moccasin (Lair:5)
  An ogre (Orc:2)
  A boggart (D:14)
  3 wolves (Lair:5)
  An orc (D:11)
  12 foxfires
35 creatures vanquished.

Grand Total: 1067 creatures vanquished

Notes
Turn   | Place    | Note
-------+----------+-------------------------------------------
     0 | D:1      | Mahakala the Spriggan Enchanter began the quest for the
                  | Orb.
     0 | D:1      | Reached XP level 1. HP: 9/9 MP: 5/5
   254 | D:1      | Reached XP level 2. HP: 10/13 MP: 6/6
  1402 | D:2      | Learned a level 2 spell: Ensorcelled Hibernation
  1740 | D:2      | Reached XP level 3. HP: 16/16 MP: 5/8
  2151 | D:2      | Found Nicvacuo's Armour Boutique.
  2505 | D:3      | Learned a level 3 spell: Confusing Touch
  2560 | D:3      | Noticed Ijyb
  2569 | D:3      | Killed Ijyb
  2570 | D:3      | Reached XP level 4. HP: 7/21 MP: 6/9
  2666 | D:3      | Noticed Sigmund
  2691 | D:3      | Learned a level 3 spell: Tukima's Dance
  2828 | D:3      | Found a faded altar of an unknown god.
  2928 | D:3      | Found Kimorgh's Distillery.
  2936 | D:3      | Bought a potion of curing for 33 gold pieces
  3405 | D:3      | Found a snail-covered altar of Cheibriados.
  3406 | D:3      | Found a basalt altar of Yredelemnul.
  3406 | D:3      | Found an ornate altar of the Wu Jian Council.
  4035 | D:4      | Reached skill level 5 in Hexes
  4110 | D:4      | Found a staircase to the Ecumenical Temple.
  4121 | Temple   | Entered the Ecumenical Temple
  4211 | Temple   | Became a worshipper of Ashenzari the Shackled
  4319 | D:4      | Reached XP level 5. HP: 20/24 MP: 5/10
  4376 | D:4      | Noticed an orc warrior
  4719 | D:4      | Killed an orc warrior
  4740 | D:4      | Reached XP level 6. HP: 28/28 MP: 0/11
  4950 | D:4      | Found a white marble altar of Elyvilon.
  5001 | D:5      | Entered Level 5 of the Dungeon
  5445 | D:5      | Reached skill level 5 in Stealth
  5582 | D:5      | Reached XP level 7. HP: 32/32 MP: 12/12
  5796 | D:5      | Reached skill level 1 in Ice Magic
  6177 | D:5      | Reached skill level 1 in Fighting
  6355 | D:6      | Reached XP level 8. HP: 39/39 MP: 10/15
  6359 | D:6      | Learned a level 3 spell: Dazzling Flash
  6362 | D:6      | Learned a level 2 spell: Passwall
  6406 | D:6      | Noticed Maggie
  6425 | D:6      | Killed Maggie
  6426 | D:6      | Reached skill level 1 in Earth Magic
  7102 | D:6      | Reached skill level 5 in Dodging
  7213 | D:6      | Reached skill level 5 in Spellcasting
  7660 | D:7      | Identified the staff "Alliugag" {rF+ rN+ Int+2 Dex+3 Fire}
  7883 | D:7      | Reached * piety under Ashenzari
  7920 | D:7      | Found Emasm's Jewellery Boutique.
  8107 | D:7      | Reached XP level 9. HP: 37/44 MP: 10/19
  8409 | D:7      | Learned a level 3 spell: Call Canine Familiar
  8556 | D:8      | Found a flagged portal.
  8573 | D:8      | Reached skill level 1 in Summonings
  8730 | Bailey   | Entered a bailey
  8792 | Bailey   | Noticed an orc warlord
  8924 | Bailey   | Identified the +5 great sword of Greatest Utility {flame,
                  | rElec rN+ SInv}
  9054 | Bailey   | Found a runed translucent gate.
  9059 | Bailey   | Found a runed translucent gate.
  9060 | Bailey   | Found a runed translucent gate.
  9153 | Bailey   | HP: 1/44 [orc warlord (19)]
  9388 | D:8      | Noticed a troll
  9394 | D:8      | Killed a troll
  9511 | D:8      | Found Qexawk's Weapon Shop.
 10251 | D:9      | Reached skill level 5 in Fighting
 10251 | D:9      | Reached skill level 10 in Stealth
 10251 | D:9      | Reached XP level 10. HP: 52/52 MP: 21/21
 10295 | D:9      | Reached XP level 11. HP: 56/56 MP: 10/22
 10299 | D:9      | Reached skill level 10 in Hexes
 11349 | D:9      | Noticed an animated pearl dragon scales
 11351 | D:9      | Found Nybrihif's Armour Shoppe.
 11353 | D:9      | Noticed an animated storm dragon scales
 11540 | D:9      | Noticed Erica
 11734 | D:9      | Killed Erica
 11956 | D:9      | Found a staircase to the Lair.
 11962 | D:9      | Reached skill level 5 in Short Blades
 12030 | Lair:1   | Entered Level 1 of the Lair of Beasts
 12679 | Lair:1   | Noticed Fannar
 13146 | Lair:1   | Reached skill level 5 in Summonings
 13370 | Lair:1   | Reached XP level 12. HP: 60/60 MP: 16/23
 13686 | Lair:1   | Killed Fannar
 13981 | Lair:2   | Reached skill level 10 in Dodging
 14019 | Lair:2   | Found a hole to the Spider Nest.
 14065 | Lair:2   | Noticed a seven-headed hydra
 14287 | Lair:2   | Killed a seven-headed hydra
 14392 | Lair:2   | Reached skill level 1 in Conjurations
 14469 | Lair:2   | Reached ** piety under Ashenzari
 14559 | Lair:2   | Identified the +6 rapier of the Reaper {venom, *Rage Int+3}
 14951 | Lair:2   | Noticed a seven-headed hydra
 14965 | Lair:2   | Killed a seven-headed hydra
 15132 | Lair:2   | Noticed a six-headed hydra
 15229 | Lair:2   | Killed a six-headed hydra
 15280 | Lair:2   | Found a staircase to the Swamp.
 15743 | Lair:3   | Reached XP level 13. HP: 64/67 MP: 10/24
 16035 | Lair:3   | Noticed superbruh's ghost (journeyman TrSh)
 16046 | Lair:3   | Found a runed translucent gate.
 16046 | Lair:3   | Found a runed translucent gate.
 16046 | Lair:3   | Found a runed translucent gate.
 16213 | Lair:3   | Found a transporter.
 16430 | Lair:3   | Found a transporter.
 16609 | Lair:4   | Found a staircase to the Slime Pits.
 17041 | Lair:4   | Reached *** piety under Ashenzari
 17050 | Lair:4   | Reached skill level 1 in Armour
 17500 | Lair:4   | Learned a level 3 spell: Summon Guardian Golem
 17577 | Lair:5   | Entered Level 5 of the Lair of Beasts
 19547 | Lair:5   | Reached XP level 14. HP: 75/75 MP: 19/25
 19803 | Lair:5   | Reached **** piety under Ashenzari
 21031 | D:10     | Entered Level 10 of the Dungeon
 21043 | D:10     | Found a staircase to the Orcish Mines.
 21287 | D:9      | Bought a scarf of repulsion for 156 gold pieces
 21517 | D:10     | Reached skill level 15 in Dodging
 21747 | D:10     | Found a burning altar of Makhleb.
 22216 | D:11     | Reached skill level 1 in Translocations
 22265 | D:11     | Identified the +5 quarterstaff of Wuhex {freeze, rElec
                  | rPois Str+3}
 22384 | D:11     | Noticed Josephine
 22403 | D:11     | Killed Josephine
 23254 | Orc:1    | Entered Level 1 of the Orcish Mines
 23297 | Orc:1    | Found Ykhlou Cale's Distillery.
 23305 | Orc:1    | Bought a potion of heal wounds for 75 gold pieces
 23537 | Orc:1    | Reached ***** piety under Ashenzari
 24020 | Orc:1    | Found a bloodstained altar of Trog.
 24252 | Orc:1    | Found a transporter.
 24263 | Orc:1    | Found a transporter.
 24326 | Orc:2    | Entered Level 2 of the Orcish Mines
 24594 | Orc:2    | Reached skill level 15 in Stealth
 24731 | Orc:2    | Found Askuj's Antique Armour Boutique.
 25013 | Orc:2    | Found Carutuek's Jewellery Shop.
 25610 | Orc:2    | Noticed an orc warlord
 25661 | Orc:2    | Killed an orc warlord
 26071 | Orc:2    | Found Zipucida's Book Shoppe.
 26250 | Orc:2    | Found Yklayczev's Assorted Antiques.
 26571 | Orc:2    | Found Yklayczev's Assorted Antiques.
 26672 | Orc:2    | Found Askuj's Antique Armour Boutique.
 26676 | Orc:2    | Found Carutuek's Jewellery Shop.
 27041 | Orc:2    | Reached XP level 15. HP: 82/82 MP: 22/29
 27248 | Orc:2    | Found Zipucida's Book Shoppe.
 27503 | Orc:2    | Found a staircase to the Elven Halls.
 28337 | D:12     | Found a runed translucent door.
 28342 | D:12     | Noticed innerfire43's ghost (journeyman DsMo)
 28352 | D:12     | Noticed Maurice
 28364 | D:12     | Killed Maurice
 28512 | D:12     | Found a portal to a secret trove of treasure.
 28799 | D:13     | Found a gate to the Vaults.
 28868 | D:13     | HP: 2/82 [meliai/divine providence (8)]
 28926 | D:13     | Reached skill level 10 in Evocations
 29870 | D:13     | Identified a scroll of acquirement
 30624 | D:13     | Found a gate to the Vaults.
 32289 | D:14     | Upgraded the game from 0.31-a0-246-g8cbcc1cb85 to
                  | 0.31-a0-263-ge8cad7f256
 32314 | D:15     | Entered Level 15 of the Dungeon
 32324 | D:15     | Identified the ring "Gekhlu Ziut" {rPois rF+ rC+ Dex+3
                  | SInv}
 32344 | D:15     | Reached skill level 15 in Evocations
 32929 | D:15     | Learned a level 3 spell: Stone Arrow
 33691 | Spider:1 | Entered Level 1 of the Spider Nest
 33839 | Spider:1 | Reached XP level 16. HP: 86/86 MP: 27/30
 35001 | Spider:1 | Identified the scarf "Nuasovet" {harm, *Slow rN++ Str+3}
 35083 | Spider:1 | Acquired 666 gold pieces
 35377 | Spider:1 | Noticed Agnes
 35394 | Spider:1 | Killed Agnes
 35539 | Spider:2 | Noticed Azrael
 36708 | Spider:2 | Killed Azrael
 36824 | Spider:2 | Reached skill level 10 in Fighting
 38148 | Spider:3 | Reached skill level 1 in Shields
 38774 | Spider:4 | Entered Level 4 of the Spider Nest
 38889 | Spider:4 | Reached XP level 17. HP: 93/93 MP: 31/31
 38973 | Spider:4 | Identified the +1 halberd of Resumed Hostilities {protect,
                  | +Blink Str+3 Int-2}
 41256 | Spider:4 | Identified the +1 hat of Recklessness {-Tele Regen+ rCorr
                  | Str+9}
 41272 | Spider:4 | Got a gossamer rune of Zot
 41502 | Swamp:1  | Entered Level 1 of the Swamp
 42665 | Swamp:2  | Noticed Louise
 42688 | Swamp:2  | Killed Louise
 43253 | Swamp:3  | Found a runed translucent door.
 43253 | Swamp:3  | Noticed MrSquiggles's ghost (adept MiFi)
 43711 | Swamp:3  | Slain by a spriggan rider

Illustrated notes

Levels and vault maps discovered:
D:1:      minmay_arrival_wavy_path, layout_basic, serial_curves, eino_curves_03,
          eino_curves_03, minmay_misc_feat_tiny
D:2:      layout_loops_corners, serial_shops, nicolae_shop_trees
D:3:      layout_loops_corners, grunt_temple_overflow_open,
          dreamdust_ecumenical_altar_hidden_monk_grotto, serial_shops, shop,
          uniq_ijyb, uniq_sigmund
D:4:      layout_basic, nicolae_overflow_hidden_temple,
          minmay_temple_entry_glass, minmay_misc_feat_x
D:5:      layout_loops_ring
D:6:      layout_rooms, grunt_ministairs_6, uniq_maggie
D:7:      layout_gridville, minmay_shop_enchanted_jewellery
D:8:      layout_loops_ring, serial_shops, nicolae_shop_scrapyard,
          enter_bailey_5
D:9:      layout_loops_ring, erik_lair_dragon, serial_shops,
          nicolae_shop_mannequins, chequers_serial_rivers_marsh, uniq_erica
D:10:     layout_roguey, bloody_makhleb, david_orc_5
D:11:     layout_cave_pools, dk_noncrumbling_3, due_unseen_surprise,
          uniq_josephine
D:12:     layout_roguey, ebering_ghost_inner_flame, enter_trove_3,
          hangedman_decor_push, uniq_maurice
D:13:     layout_roguey, skrybe_vaults_entry_preservation
D:14:     layout_long_grid, hangedman_abyss_or_decor_stagger
D:15:     grunt_enter_depths_hoard, layout_basic, nicolae_wwwww, minivault_22
Temple:   nicolae_temple_bog_church
Lair:1:   layout_roguey, st_stairs_10, lemuel_another_geyser,
          grunt_megastairs_1, uniq_fannar
Lair:2:   layout_loops_ring, palyth_hydra_swamp_entry, spider_nest_entry_webs,
          grunt_megastairs_5
Lair:3:   gammafunk_cloud_chamber, layout_loops_ring, gammafunk_ghost_split,
          serial_bayou_shore_b, grunt_megastairs_4
Lair:4:   layout_gridlike, dpeg_slime_entry_corner
Lair:5:   due_jungle_book, layout_cave_pods, evilmike_ambush
          [evilmike_ambush_outer_doors, evilmike_ambush_inner_cross]
Swamp:1:  layout_falls_marsh, serial_swamp_ruin, hangedman_swamp_ruin_wall,
          evilmike_swamp_ruin_rubble_2
Swamp:2:  layout_basic_swamp, evilmike_swamp_ruin_house_4, uniq_louise
Swamp:3:  layout_basic_swamp, gammafunk_ghost_grave,
          nicolae_swamp_orc_logging_accident, nicolae_swamp_no_escape
Spider:1: layout_chambers, worms_lemuel, hangedman_spider_tarantella_strand,
          uniq_agnes
Spider:2: layout_chambers, uniq_azrael
Spider:3: layout_spider_delve, drop_trap, nicolae_spider_bug_shape
Spider:4: hellmonk_spider_rune_endless_swarm
Orc:1:    emtedronai_trogs_sanctum, layout_caves, serial_shops,
          nicolae_shop_industrial_runoff, trog_butcher_becter
Orc:2:    pubby_orc_utopia, serial_shops

Skill      XL: |  1  2  3  4  5  6  7  8  9 10 11 12 13 14 15 16 17 |
---------------+----------------------------------------------------+-----
Short Blades   | 2 3 4 6 7 8 |  8.1
Hexes          | 4 5 6 8 9 13 | 13.2
Dodging        | 3 4 6 9 12 13 18 | 18.0
Stealth        | 5 6 10 13 15 18 | 18.3
Spellcasting   | 4 6 7 |  7.1
Ice Magic      | 1 |  1.8
Fighting       | 2 3 5 7 9 10 11 | 11.9
Transmutations | 4 |  4.0
Earth Magic    | 1 2 |  2.8
Summonings     | 3 5 6 8 9 |  9.8
Evocations     | 7 16 | 16.6
Conjurations   | 3 |  3.1
Armour         | 3 |  3.0
Translocations | 3 4 |  4.6
Shields        | 2 4 |  4.9

Action                     |  1- 3 |  4- 6 |  7- 9 | 10-12 | 13-15 | 16-18 || total
---------------------------+-------+-------+-------+-------+-------+-------++-------
  Melee: Dagger            |   102 |   111 |   266 |   283 |  1582 |   639 ||  2983
         Punch             |       |     1 |     2 |     2 |    32 |     5 ||    42
  Throw: Dart              |       |       |       |     1 |       |       ||     1
   Cast: Ensorcelled Hiber |    16 |    46 |   119 |   183 |   362 |   300 ||  1026
         Confusing Touch   |       |     4 |    12 |    10 |    66 |    26 ||   118
         Passwall          |       |       |     1 |     2 |     6 |    11 ||    20
         Tukima's Dance    |       |       |    10 |     8 |    22 |       ||    40
         Call Canine Famil |       |       |       |     4 |    57 |    22 ||    83
         Dazzling Flash    |       |       |       |     7 |    15 |     7 ||    29
         Summon Guardian G |       |       |       |       |    44 |     3 ||    47
         Stone Arrow       |       |       |       |       |       |     6 ||     6
 Invoke: Curse Item        |       |       |     2 |     2 |     3 |     2 ||     9
         Shatter the Chain |       |       |     1 |       |     1 |       ||     2
  Evoke: Wand              |       |       |       |       |     6 |    12 ||    18
         Lightning rod     |       |       |       |       |       |     3 ||     3
    Use: Scroll            |       |     4 |     3 |     1 |     1 |     5 ||    14
         Potion            |       |       |     1 |     1 |       |       ||     2
   Stab: Sleeping          |    20 |    37 |    70 |   110 |   227 |   200 ||   664
         Distracted        |     1 |       |       |       |    18 |     2 ||    21
         Confused          |       |     4 |    15 |     7 |    65 |    26 ||   117
         Invisible         |       |       |       |     2 |    14 |     2 ||    18
         Paralysed         |       |       |       |       |     1 |       ||     1
 Armour: Robe              |     9 |    12 |    48 |       |       |       ||    69
         Troll leather arm |       |       |     3 |    48 |   125 |    40 ||   216
  Dodge: Dodged            |    50 |    53 |   200 |   287 |  1328 |   735 ||  2653
         Repelled          |       |       |       |       |     3 |     7 ||    10
  Block: Buckler           |       |       |       |       |       |   128 ||   128

Table legend: (Time is in decaauts)
 A = Elapsed time spent in this place.
 B = Non-inter-level travel time spent in this place.
 C = Inter-level travel time spent in this place.
 D = Time resting spent in this place.
 E = Time spent auto-exploring this place.
 F = Levels seen in this place.
 G = Mean time per level.
                   A        B        C        D        E       F      G
               +--------+--------+--------+--------+--------+-----+--------+
         Total |  31763 |  30022 |   1741 |   7245 |  10169 |  31 | 1024.6 |
       Dungeon |  14094 |  13323 |    771 |   3010 |   5543 |  15 |  939.6 |
        Temple |     76 |     76 |      0 |      0 |      0 |   1 |   76.0 |
          Lair |   6792 |   6367 |    425 |   1879 |   1896 |   5 | 1358.4 |
         Swamp |   1566 |   1494 |     72 |    292 |    271 |   3 |  522.0 |
   Spider Nest |   5604 |   5175 |    429 |   1383 |   1382 |   4 | 1401.0 |
  Orcish Mines |   3161 |   3118 |     43 |    488 |   1076 |   2 | 1580.5 |
        Bailey |    468 |    468 |      0 |    191 |      0 |   1 |  468.0 |
               +--------+--------+--------+--------+--------+-----+--------+

Top non-repeatable levels by time:
   Orc:2: 2415 daAuts
  Lair:5: 2227 daAuts
     D:9: 1679 daAuts
Spider:3: 1646 daAuts
  Lair:1: 1576 daAuts
Spider:1: 1489 daAuts
    D:13: 1379 daAuts
Spider:4: 1239 daAuts
Spider:2: 1227 daAuts
  Lair:2: 1150 daAuts
  Lair:4: 1060 daAuts
     D:3: 953 daAuts
    D:12: 933 daAuts
     D:6: 925 daAuts
     D:2: 899 daAuts
